 Dungeon Crawl Stone Soup version 0.29.0-4-gdea44cf6ec (webtiles) character file.

Game seed: 526683246015779860

63 qw the Chopper (level 4, -1/26 HPs)
             Began as a Tengu Warper on Aug 28, 2022.
             Succumbed to an adder's poison
             ... on level 2 of the Dungeon.
             The game lasted 00:00:09 (1659 turns).

qw the Chopper (Tengu Warper)                       Turns: 1659, Time: 00:00:09

Health: -1/26      AC:  5    Str: 13    XL:     4   Next: 10%
Magic:  8/8        EV: 11    Int: 14    God:
Gold:   28         SH:  0    Dex: 13    Spells: 7/7 levels left

rFire   . . .      SeeInvis .   Y - +1 hand axe
rCold   . . .      Faith    .   (no shield)
rNeg    . . .      Spirit   .   e - +0 ring mail
rPois   .          Reflect  .   (helmet restricted)
rElec   .          Harm     .   (no cloak)
rCorr   .          Rampage  .   (no gloves)
Will    .....                   (boots unavailable)
Stlth   +.........              (no amulet)
HPRegen 0.08/turn               (no ring)
MPRegen 0.11/turn               (no ring)

@: lethally poisoned (-1 -> -3)
A: beak, talons 3
a: no special abilities


You were on level 2 of the Dungeon.
You visited 1 branch of the dungeon, and saw 2 of its levels.

You collected 28 gold pieces.


Innate Abilities, Weirdness & Mutations

You have a beak for a mouth.
You have claws for feet.


   Skills:
 - Level 2.0 Fighting
 + Level 4.7 Axes
 - Level 1.0 Throwing
 - Level 1.1 Armour
 - Level 2.1 Dodging
 - Level 2.0 Spellcasting
 - Level 2.4 Translocations


You had 7 spell levels left.
You didn't know any spells.
Your spell library contained the following spells:

 Spells                   Type           Power      Damage    Failure   Level
 Blink                    Tloc           16%        N/A       28%         2
 Gell's Gravitas          Tloc           8%         N/A       50%         3
 Lesser Beckoning         Tloc           8%         N/A       50%         3
 Teleport Other           Tloc           8%         N/A       50%         3
 Manifold Assault         Tloc           8%         N/A       99%         5

Inventory:

Hand Weapons
 i - a +0 club
 Y - a +1 hand axe (weapon)
Armour
 b - a scarf of repulsion
 e - a +0 ring mail (worn)
Scrolls
 a - a scroll of teleportation
 j - 2 scrolls of identify

Dungeon Overview and Level Annotations

Branches:
Dungeon (2/15)

Altars:


Message History

You closely miss the adder. Your kick misses the adder.
You peck the adder, but do no damage.
The adder is moderately wounded.
You feel sick. The adder bites you but does no damage.
You closely miss the adder.
The adder is moderately wounded.
You feel sick. The adder closely misses you. The adder bites you.
You hit the adder. Your kick misses the adder. You peck the adder.
The adder is heavily wounded.
You feel sick.
You are no longer poisoned.
The adder bites you.
You barely miss the adder.
The adder is heavily wounded.
The adder bites you but does no damage. The adder closely misses you.
You barely miss the adder. Your kick misses the adder.
The adder is heavily wounded.
The adder bites you.
1655 ||| READING 2 scrolls of teleportation.
As you read the scroll of teleportation, it crumbles to dust.
You feel strangely unstable. The adder closely misses you.
You miss the adder. You claw the adder.
The adder is severely wounded.
The adder bites you.
You are lethally poisoned!
The adder poisons you! The adder bites you but does no damage.
You hit the adder.
You kill the adder!
You feel sick.
You have reached level 4!
You feel clever.
You closely miss the giant cockroach. You peck the giant cockroach.
The giant cockroach is moderately wounded.
You feel sick.
The giant cockroach bites you but does no damage.
You hit the giant cockroach.
The giant cockroach is almost dead.
Your surroundings suddenly seem different.
A rat comes into view.
You die...

...} .# #.#
#...7.# #.# #
#.#... #.#
#.#.##.# #.#
#.#.##.# #.#
#......## #.#
###.#.#.## #.#
#..###.# #@#
#.## ##. #.#
##.###.# #.#
### ##.#.## #r.
.. ##.## #.. #.
#.### ## #..#
#.#####.##. (.
#..#
#........#. .#
##.#
#...###.... .S
#####....##.##.


You could see a rat (asleep).

Vanquished Creatures
  3 adders (D:2)
  2 dart slugs
  2 ball pythons
  3 bats
  3 endoplasms (D:1)
  A giant cockroach (D:1)
  3 hobgoblins
  A kobold (D:2)
  3 quokkas
  3 frilled lizards
  4 goblins
  2 rats (D:1)
30 creatures vanquished.

Notes
Turn   | Place    | Note
-------+----------+-------------------------------------------
     0 | D:1      | qw the Tengu Warper began the quest for the Orb.
     0 | D:1      | Reached XP level 1. HP: 12/12 MP: 4/4
     0 | D:1      | 0 ||| qw: Version: 0.1-a-89-g26bdef1
     0 | D:1      | 0 ||| qw: Game counter: 1255
     0 | D:1      | 0 ||| qw: Always use a shield: true
     0 | D:1      | 0 ||| qw: God list: Okawaru
     0 | D:1      | 0 ||| qw: Allow faded altars: false
     0 | D:1      | 0 ||| qw: Do Orc after D:15 true
     0 | D:1      | 0 ||| qw: Do second Lair branch before Depths: true
     0 | D:1      | 0 ||| qw: Lair rune preference: random
     0 | D:1      | 0 ||| qw: Plans: Normal
     0 | D:1      | 0 ||| PLANNING D:1-11
   109 | D:1      | 109 ||| Stepping ~*~*~tactically~*~*~ (hiding).
   251 | D:1      | Reached skill level 3 in Axes
   251 | D:1      | Reached XP level 2. HP: 17/17 MP: 6/6
   301 | D:1      | 301 ||| Stepping ~*~*~tactically~*~*~ (stealth).
   365 | D:1      | 365 ||| Stepping ~*~*~tactically~*~*~ (stealth).
   367 | D:1      | 367 ||| Stepping ~*~*~tactically~*~*~ (stealth).
  1002 | D:1      | 1002 ||| Stepping ~*~*~tactically~*~*~ (stealth).
  1155 | D:1      | 1155 ||| Stepping ~*~*~tactically~*~*~ (stealth).
  1171 | D:1      | Found a faded altar of an unknown god.
  1249 | D:1      | 1249 ||| UPGRADING to +0 ring mail.
  1259 | D:1      | 1259 ||| DROPPING +0 leather armour.
  1260 | D:1      | 1260 ||| READING 2 scrolls labelled QUASEERYNG.
  1263 | D:1      | 1263 ||| READING scroll labelled IVIHEH COGE.
  1264 | D:1      | 1264 ||| READING scroll labelled ACKA NEOCORPH.
  1265 | D:1      | 1265 ||| READING scroll labelled FEFUXE IGHAR.
  1266 | D:1      | 1266 ||| READING 3 scrolls labelled MEOKU TIWK.
  1267 | D:1      | 1267 ||| READING scroll labelled GUECOD CEAKHLO.
  1268 | D:1      | 1268 ||| READING scroll labelled WAIJAE QILLO.
  1269 | D:1      | 1269 ||| DROPPING scroll of blinking.
  1270 | D:1      | 1270 ||| READING scroll of teleportation.
  1287 | D:2      | 1287 ||| STAIRDANCE
  1290 | D:1      | Reached XP level 3. HP: 21/21 MP: 7/7
  1391 | D:2      | Reached skill level 4 in Axes
  1634 | D:2      | 1634 ||| Stepping ~*~*~tactically~*~*~ (stealth).
  1654 | D:2      | HP: 5/21 [adder (2)]
  1655 | D:2      | 1655 ||| READING 2 scrolls of teleportation.
  1656 | D:2      | HP: 2/21 [adder (3)]
  1658 | D:2      | Reached XP level 4. HP: 2/26 MP: 8/8
  1659 | D:2      | Succumbed to an adder's poison

Levels and vault maps discovered:
D:1:      nzn_arrival_depleted_hourglass, layout_loops_ring,
          ebering_ecumenical_altar_hall, hangedman_decor_points,
          chequers_serial_rivers_large_b
D:2:      layout_loops_ring, chequers_big_river, hangedman_feature_mirror,
          minmay_indecisive_spiral

Skill      XL: |  1  2  3 |
---------------+----------+-----
Axes           | 3 4 |  4.7
Fighting       | |  2.0
Throwing       | |  1.0
Armour         | |  1.1
Dodging        | |  2.1
Spellcasting   | |  2.0
Translocations | |  2.4

Action                   |  1- 3 |  4- 6 || total
-------------------------+-------+-------++-------
Melee: Hand axe          |    81 |     2 ||    83
       Kick              |    17 |       ||    17
       Peck              |    10 |     1 ||    11
       Punch             |     1 |       ||     1
Throw: Boomerang         |     7 |       ||     7
  Use: Scroll            |     9 |       ||     9
Armor: Leather armour    |     8 |       ||     8
       Ring mail         |    22 |     1 ||    23
Dodge: Dodged            |    50 |       ||    50

Table legend:
 A = Non-vault XP
 B = Vault XP
 C = Vault XP percentage of total XP
 D = Non-vault monster count
 E = Vault monster count
 F = Vault count percentage of total count
                 A         B        C        D         E       F
            +---------+---------+-------+---------+---------+-------
      Total |      64 |      27 |  29.7 |      28 |       2 |   6.7
            +---------+---------+-------+---------+---------+-------
        D:1 |      34 |       0 |   0.0 |      18 |       0 |   0.0
        D:2 |      30 |      27 |  47.4 |      10 |       2 |  16.7
            +---------+---------+-------+---------+---------+-------
